 Dungeon Crawl Stone Soup version 0.30.0-29-ga12c61a403 (webtiles) character file.

Game seed: 15853408162379152504

424 McKennaii the Trooper (level 6, -1/49 HPs)
             Began as a Demonspawn Fighter on June 4, 2023.
             Slain by a phantom (5 damage)
             ... on level 4 of the Dungeon.
             The game lasted 00:04:49 (2584 turns).

McKennaii the Trooper (Demonspawn Fighter)          Turns: 2584, Time: 00:04:49

Health: -1/49      AC: 14    Str: 18    XL:     6   Next: 64%
Magic:  6/6        EV:  7    Int:  9    God:
Gold:   136        SH: 13    Dex: 13    Spells: 5/5 levels left

rFire   . . .        a - +0 trident
rCold   . . .        c - +0 buckler
rNeg    . . .        i - +0 chain mail
rPois   .            n - +0 helmet
rElec   .            (no cloak)
rCorr   .            (no gloves)
SInv    .            (no boots)
Will    .....        p - amulet of magic regeneration Stlth
                     (no ring)
HPRegen 0.28/turn    (no ring)
MPRegen 0.50/turn

%: no passive effects
@: no status effects
A: large bone plates 1, icemail 1, condensation shield, demonic touch 1
a: no special abilities


You were on level 4 of the Dungeon.
You visited 1 branch of the dungeon, and saw 4 of its levels.

You collected 136 gold pieces.

Inventory:

Hand Weapons
 a - a +0 trident (weapon)
Armour
 c - a +0 buckler (worn)
 i - a +0 chain mail (worn)
 n - a +0 helmet (worn)
Jewellery
 p - an amulet of magic regeneration (around neck)
Scrolls
 e - a scroll of acquirement {unknown}
 f - 3 scrolls of identify {unknown}
 g - 2 scrolls of fear {unknown}
 k - 2 scrolls of brand weapon {unknown}
 l - a scroll of blinking {unknown}
 r - a scroll of immolation {unknown}
Potions
 b - a potion of mutation {unknown}
 d - a potion of might
 h - 3 potions of heal wounds {unknown}
 j - 2 potions of resistance {unknown}
 m - a potion of brilliance {unknown}
 o - 4 potions of lignification {unknown}
 q - a potion of degeneration {unknown}
 s - a potion of ambrosia {unknown}
 t - a potion of curing {unknown}
 u - a potion of haste {unknown}


   Skills:
 + Level 4.5 Fighting
 + Level 3.5 Polearms
 + Level 4.1 Armour
 + Level 4.1 Shields


You had 5 spell levels left.
You didn't know any spells.
Your spell library was empty.

Dungeon Overview and Level Annotations

Branches:
Dungeon (4/15)
 Temple: D:4-7

Altars:
Fedhas


Innate Abilities, Weirdness & Mutations

You are partially covered in large bone plates. (SH +4)
A meltable icy envelope protects you from harm. (AC +4)
A meltable shield of frost defends you. (SH +4)
Your touch may inflict minor irresistible damage on your foes.


Message History

Blork the orc hits you but does no damage.
The phantom attacks as you move away!
The phantom hits you but does no damage.
Blork the orc barely misses you.
You hit Blork the orc.
Blork the orc is severely wounded.
Blork the orc hits you but does no damage.
You hit Blork the orc but do no damage.
Blork the orc is severely wounded.
Blork the orc hits you but does no damage.
You block Blork the orc's attack.
You barely miss Blork the orc.
Blork the orc is severely wounded.
Blork the orc closely misses you.
Blork the orc hits you with a +0 short sword.
* * * LOW HITPOINT WARNING * * *
You puncture Blork the orc!
Blork the orc is almost dead.
You block Blork the orc's attack.
You barely miss Blork the orc.
Blork the orc is almost dead.
Blork the orc hits you with a +0 short sword.
* * * LOW HITPOINT WARNING * * *
Blork the orc points at you and mumbles some strange words.
The magic dart hits you but does no damage.
You hit Blork the orc.
You kill Blork the orc!
You hit the phantom.
The phantom is heavily damaged.
The phantom hits you but does no damage.
You hit the phantom but do no damage.
The phantom is heavily damaged.
The phantom hits you.
* * * LOW HITPOINT WARNING * * *
The phantom blinks!
You blink.
You hit the phantom.
The phantom is severely damaged.
Your icy envelope is restored.
The phantom hits you.
You die...

...... ## ..... .. #.
#...# .##.# ##.###...#
..... ......... .#..#
#..##...# ##.#..#
#..##...# #.##..#
#..##.†.#
#...##@##..####..##..##
#...##W##..............
#...##..§........######
###...##.###.#####.#
..[..##.# #.# #.#
#...##.# #.# #.#
##...##.# #.# ###.#
#....##.# #.###...#
#.#'###.# #.##..#.#


You could see a phantom.

Vanquished Creatures
  Sigmund (D:2)
  Blork the orc (D:4)
  A hound (D:4)
  Terence (D:2)
  Robin (D:2)
  4 adders
  3 worms (D:3)
  A dart slug (D:3)
  9 ball pythons
  4 bats
  7 endoplasms
  4 giant cockroaches
  17 goblins
  5 hobgoblins
  9 jackals
  2 quokkas (D:3)
  A frilled lizard (D:2)
  6 kobolds
  6 rats
83 creatures vanquished.

Notes
Turn   | Place    | Note
-------+----------+-------------------------------------------
     0 | D:1      | McKennaii the Demonspawn Fighter began the quest for the
                  | Orb.
     0 | D:1      | Reached XP level 1. HP: 18/18 MP: 1/1
   254 | D:1      | Gained mutation: Your touch may inflict minor irresistible
                  | damage on your foes. [demonic ancestry]
   254 | D:1      | Reached XP level 2. HP: 24/24 MP: 2/2
   707 | D:2      | Noticed Terence
   721 | D:2      | Killed Terence
   722 | D:2      | Reached XP level 3. HP: 11/29 MP: 3/3
   824 | D:2      | Noticed Robin
   987 | D:2      | Killed Robin
   988 | D:2      | Gained mutation: A meltable shield of frost defends you.
                  | (SH +4) [demonic ancestry]
   988 | D:2      | Reached XP level 4. HP: 22/35 MP: 4/4
  1545 | D:2      | Noticed Sigmund
  1755 | D:3      | Gained mutation: A meltable icy envelope protects you from
                  | harm. (AC +4) [demonic ancestry]
  1755 | D:3      | Reached XP level 5. HP: 42/42 MP: 5/5
  2298 | D:2      | Killed Sigmund
  2299 | D:2      | Gained mutation: You are partially covered in large bone
                  | plates. (SH +4) [demonic ancestry]
  2299 | D:2      | Reached XP level 6. HP: 12/49 MP: 6/6
  2514 | D:4      | Found a blossoming altar of Fedhas.
  2539 | D:4      | Noticed Blork the orc
  2581 | D:4      | Killed Blork the orc
  2584 | D:4      | Slain by a phantom

Illustrated notes

Levels and vault maps discovered:
D:1:      dpeg_arrival_houses_and_road, layout_basic, roderic_serpentine_path
D:2:      layout_loops_ring, minmay_hexomino_f4, uniq_terence, uniq_robin,
          uniq_sigmund
D:3:      layout_rooms, grunt_ministairs_3
D:4:      layout_basic, mainiacjoe_overflow_24_doors, uniq_menkaure,
          uniq_blork_the_orc

Skill      XL: |  1  2  3  4  5  6 |
---------------+-------------------+-----
Polearms       | 2 3 |  3.5
Armour         | 3 4 |  4.1
Shields        | 3 4 |  4.1
Fighting       | 4 |  4.5

Action                     |  1- 3 |  4- 6 || total
---------------------------+-------+-------++-------
  Melee: Trident           |    99 |   242 ||   341
 Armour: Scale mail        |     6 |       ||     6
         Chain mail        |    35 |   102 ||   137
  Dodge: Dodged            |    33 |    73 ||   106
  Block: Buckler           |    27 |   103 ||   130
